 Dungeon Crawl Stone Soup version 0.31-a0-4-gefa6de2278 (webtiles) character file.

Game seed: 8879693572096978636

978 Sabo the Chopper (level 7, -4/84 HPs)
             Began as a Demonspawn Berserker on May 3, 2023.
             Was a Priest of Trog.
             Slain by a gnoll
             ... wielding a +0 mace
              (7 damage)
             ... on level 4 of the Dungeon.
             The game lasted 00:18:24 (4067 turns).

Sabo the Chopper (Demonspawn Berserker)             Turns: 4067, Time: 00:18:24

Health: -4/84      AC: 23    Str: 19    XL:     7   Next: 95%
Magic:  7/7        EV:  2    Int:  8    God:    Trog [***...]
Gold:   251        SH:  0    Dex: 19    Spells: 6/6 levels left

rFire   . . .        a - +5 long sword
rCold   . . .        (no shield)
rNeg    . . .        l - melded +0 chain mail
rPois   +            (helmet currently unavailable)
rElec   .            (cloak currently unavailable)
rCorr   .            (gloves currently unavailable)
SInv    .            (boots currently unavailable)
Will    .....        (no amulet)
Stlth   ++           o - +6 ring of dexterity
HPRegen 0.34/turn    (no ring)
MPRegen 0.10/turn

%: no passive effects
@: tree-form
A: stationary, stasis, torment immunity, boosted hp, (claws 2), (hooves 1)
a: Renounce Religion, Berserk, Trog's Hand


You were on level 4 of the Dungeon.
You worshipped Trog.
Trog was most pleased with you.
You were a tree.
You visited 1 branch of the dungeon, and saw 4 of its levels.

You collected 251 gold pieces.

Inventory:

Hand Weapons
 a - a +5 long sword (weapon)
 b - a +1 sling of flaming
 m - a +3 hand axe
Missiles
 d - 7 poisoned darts (quivered)
Armour
 l - a +0 chain mail (melded)
Jewellery
 o - a +6 ring of dexterity (left branch)
Wands
 n - a wand of flame (3)
Scrolls
 g - 2 scrolls of enchant weapon
 h - a scroll of fear {unknown}
 i - 2 scrolls of magic mapping
 k - a scroll of blinking {unknown}
Potions
 c - a potion of invisibility {unknown}
 e - a potion of mutation {unknown}
 f - a potion of heal wounds {unknown}
 j - a potion of lignification


   Skills:
 + Level 5.1 Fighting
 + Level 1.7 Long Blades
 + Level 5.5 Axes
 + Level 4.3 Armour
 + Level 3.3 Dodging
 + Level 1.2 Stealth


You had 6 spell levels left.
You didn't know any spells.
Your spell library was empty.

Dungeon Overview and Level Annotations

Branches:
Dungeon (4/15)             Temple (0/1) D:4

Altars:
Cheibriados
Hepliaklqana
Kikubaaqudgha
Makhleb

Shops:
D:2 **!*

Annotations:
D:4 Dowan


Innate Abilities, Weirdness & Mutations

You are a tree.
Your roots penetrate the ground, keeping you stationary.
You cannot be teleported.
You are immune to unholy pain and torment.
Your maximum health is greatly increased.
Your equipment is partially melded.
((You have very sharp fingernails.))
((You have large cloven feet.))


Message History

* * * LOW HITPOINT WARNING * * *
You slash Duvessa!
You kill Duvessa!
Trog accepts your kill.
Dowan screams, "No!
No!"
Dowan seems to find hidden reserves of power!
The gnoll hits you but does no damage.
The orc wizard mumbles some strange words.
The orc wizard flickers and vanishes!
Deactivating autopickup; reactivate with Ctrl-A.
The gnoll hits you but does no damage.
Your Fighting skill increases to level 5!
Your Long Blades skill increases to level 1!
You hit the gnoll.
The gnoll is moderately wounded.
A puff of flame appears from out of thin air!
The puff of flame hits you.
* * * LOW HITPOINT WARNING * * *
The gnoll hits you but does no damage.
The orc loudly shouts encouragement to no one in particular.
The gnoll hits you but does no damage.
You hit the gnoll.
The gnoll is severely wounded.
Dowan casts a spell at you.
The shard of ice hits you but does no damage.
The gnoll hits you but does no damage. x4
You hit the gnoll but do no damage.
The gnoll is severely wounded.
The gnoll hits you but does no damage. The gnoll hits you with a +0 whip.
* * * LOW HITPOINT WARNING * * *
You slash the gnoll!
You kill the gnoll!
Trog accepts your kill. The gnoll hits you but does no damage.
The gnoll blocks your attack.
You punch the gnoll.
The gnoll is heavily wounded.
Dowan gestures at you while chanting.
The shard of ice hits you but does no damage.
The gnoll hits you with a +0 mace!
You die...

..P ###)................### ....#
###..##)..⌠..#........#.'
....#####...###......#.....>..###
......##..### #####..)........#.'
........### #####..########
..........## #..# ...........#
#..#
...........############..########
...............)♣goog............
...≈~~~~~≈~~~≈≈)~≈Oog~....~~~~≈~~
...~~≈≈≈~≈≈≈≈≈~≈≈≈≈≈~~....~≈~≈≈≈≈
...~≈#####~≈≈≈~≈g≈{g~~....~≈≈~~~~
...~≈#.o.#......ge?..............
...~≈#...#############'''+#######
...~≈###'# ..g ...≈≈≈.#.# ..
...~≈~.#


You could see an ogre, Dowan (fast), 6 gnolls and 3 orcs.

Vanquished Creatures
  A water moccasin (D:3)
  Duvessa (D:4)
  2 necrophages (D:4)
  2 wights (D:4)
  A howler monkey (D:4)
  A bullfrog zombie (D:4)
  A hound (D:4)
  A human zombie (D:4)
  2 orc priests (D:3)
  A sleepcap (D:4)
  Ijyb (D:4)
  2 orc wizards (D:4)
  2 scorpion zombies (D:4)
  A hound zombie (D:4)
  A mummy (D:4)
  A howler monkey zombie (D:4)
  4 gnolls (D:4)
  3 adders
  An adder zombie (D:4)
  A worm (D:4)
  3 dart slugs
  10 orcs
  7 endoplasms
  A giant cockroach (D:3)
  5 goblins
  6 hobgoblins
  15 jackals
  8 kobolds
  4 quokkas
  7 ball pythons
  5 bats
  6 rats
107 creatures vanquished.

Vanquished Creatures (others)
  A fungus (D:4)
  3 plants (D:4)
4 creatures vanquished.

Grand Total: 111 creatures vanquished

Notes
Turn   | Place    | Note
-------+----------+-------------------------------------------
     0 | D:1      | Sabo the Demonspawn Berserker began the quest for the Orb.
     0 | D:1      | Reached XP level 1. HP: 18/18 MP: 1/1
   219 | D:1      | Discovered your monstrous ancestry.
   219 | D:1      | Gained mutation: You have large cloven feet. [demonic
                  | ancestry]
   219 | D:1      | Reached XP level 2. HP: 16/24 MP: 2/2
   701 | D:2      | Found Rotilit's Assorted Antiques.
   744 | D:2      | Reached XP level 3. HP: 27/29 MP: 3/3
   836 | D:2      | Found Seginei's General Store.
   855 | D:2      | Reached ** piety under Trog
   897 | D:2      | Found Xuabaz's Distillery.
   982 | D:2      | Found Utuhorut's General Store.
  1090 | D:2      | Found a hazy altar of Hepliaklqana.
  1537 | D:3      | Gained mutation: You have sharp fingernails. [demonic
                  | ancestry]
  1537 | D:3      | Reached XP level 4. HP: 23/35 MP: 4/4
  1719 | D:3      | Found a burning altar of Makhleb.
  1750 | D:3      | Noticed a water moccasin
  1765 | D:3      | Killed a water moccasin
  1766 | D:3      | Reached skill level 1 in Stealth
  1766 | D:3      | Gained mutation: You have very sharp fingernails. [demonic
                  | ancestry]
  1766 | D:3      | Reached XP level 5. HP: 19/42 MP: 5/5
  2545 | D:3      | Found a snail-covered altar of Cheibriados.
  2632 | D:4      | Reached XP level 6. HP: 48/48 MP: 6/6
  3156 | D:4      | Reached XP level 7. HP: 55/55 MP: 7/7
  3169 | D:4      | Reached skill level 5 in Axes
  3211 | D:4      | Reached *** piety under Trog
  3238 | D:4      | Found an ancient bone altar of Kikubaaqudgha.
  3326 | D:4      | Found a staircase to the Ecumenical Temple.
  3328 | D:4      | Noticed Ijyb
  3340 | D:4      | Killed Ijyb
  4044 | D:4      | Noticed Duvessa
  4044 | D:4      | Noticed Dowan
  4062 | D:4      | Killed Duvessa
  4063 | D:4      | Reached skill level 5 in Fighting
  4063 | D:4      | Reached skill level 1 in Long Blades
  4065 | D:4      | HP: 2/84 [gnoll/+0 whip (5)]
  4067 | D:4      | Slain by a gnoll

Illustrated notes

Levels and vault maps discovered:
D:1:      amcnicky_arrival_underground_garden, layout_rooms
D:2:      layout_loops_ring, serial_shops, nicolae_shop_waterfront, shop,
          nicolae_shop_peninsula, shop, basic_altar
D:3:      layout_basic, lemuel_round_altar, mainiacjoe_overflow_catwalk,
          serial_corexii_hall, corexii_hall_statues_i, corexii_hall_statues_i,
          corexii_hall_statues_t, corexii_hall_statues_x, st_stairs_2
D:4:      lemuel_castle_with_subvaults [lemuel_castle_interior_original],
          layout_cave_pods, mainiacjoe_overflow_alcove_1,
          lemuel_mausoleum_altar_kikubaaqudgha, temple_fountains, uniq_natasha,
          uniq_crazy_yiuf_cottage, uniq_duvessa, uniq_grinder, uniq_ijyb

Skill      XL: |  1  2  3  4  5  6  7 |
---------------+----------------------+-----
Dodging        | 2 3 |  3.3
Axes           | 3 4 5 |  5.5
Armour         | 2 3 4 |  4.3
Stealth        | 1 |  1.2
Fighting       | 4 5 |  5.1
Long Blades    | 1 |  1.7

Action                     |  1- 3 |  4- 6 |  7- 9 || total
---------------------------+-------+-------+-------++-------
  Melee: Hand axe          |   101 |   140 |    42 ||   283
         Kick              |     9 |    49 |    39 ||    97
         Long sword        |       |       |    80 ||    80
         Punch             |       |       |     2 ||     2
  Throw: Dart              |     1 |       |       ||     1
 Invoke: Berserk           |     1 |       |     1 ||     2
    Use: Scroll            |     4 |       |       ||     4
         Potion            |       |       |     1 ||     1
 Armour: Animal skin       |    19 |       |       ||    19
         Leather armour    |    17 |       |       ||    17
         Ring mail         |     1 |    18 |       ||    19
         Chain mail        |       |    32 |    83 ||   115
         Skin              |       |       |    19 ||    19
  Dodge: Dodged            |    78 |    62 |    74 ||   214

Table legend: (Time is in decaauts)
 A = Elapsed time spent in this place.
 B = Non-inter-level travel time spent in this place.
 C = Inter-level travel time spent in this place.
 D = Time resting spent in this place.
 E = Time spent auto-exploring this place.
 F = Levels seen in this place.
 G = Mean time per level.
                   A        B        C        D        E       F      G
               +--------+--------+--------+--------+--------+-----+--------+
         Total |   4140 |   4140 |      0 |   1413 |      0 |   4 | 1035.0 |
       Dungeon |   4140 |   4140 |      0 |   1413 |      0 |   4 | 1035.0 |
               +--------+--------+--------+--------+--------+-----+--------+

Top non-repeatable levels by time:
     D:4: 1508 daAuts
     D:3: 1147 daAuts
     D:2: 790 daAuts
     D:1: 694 daAuts
